 Dungeon Crawl Stone Soup version 0.18-a0-1774-gce1f7b6 (webtiles) character file.

103 M4edhros the Insei (level 4, 0/35 HPs)
             Began as a Mummy Monk on Apr 15, 2016.
             Slain by a hound (3 damage)
             ... on level 5 of the Dungeon.
             The game lasted 00:05:58 (5546 turns).

M4edhros the Insei (Mummy Monk)                     Turns: 5546, Time: 00:06:00

Health: 0/35       AC:  2    Str: 14    XL:     4   Next: 51%
Magic:  4/4        EV: 10    Int:  9    God:
Gold:   130        SH:  7    Dex: 15    Spells: 0 memorised, 3 levels left

rFire  x . .     SeeInvis .       - Unarmed
rCold  + . .     Gourm    .     (no armour)
rNeg   + + +     Faith    .     d - +0 shield
rPois  ∞         Spirit   .     e - +0 helmet
rElec  .         Dismiss  .     (no cloak)
rCorr  .         Reflect  .     g - +0 pair of gloves
SustAt .         Harm     .     (no boots)
MR     .....                    (no amulet)
Stlth  ++........               (no ring)
                                (no ring)

@: not resistant to hostile enchantments, unstealthy
A: no food or potions, fire vulnerability, cold resistance 1, negative energy
resistance 3, torment resistance, unbreathing
a: no special abilities


You were on level 5 of the Dungeon.
You were not hungry.

You visited 1 branch of the dungeon, and saw 5 of its levels.

You collected 130 gold pieces.

Inventory:

Armour
 d - a +0 shield (worn)
 e - a +0 helmet (worn)
 g - a +0 pair of gloves (worn)
Jewellery
 b - a +4 ring of protection {unknown}
 f - an uncursed ring of sustain attributes {unknown}
 l - an uncursed ring of fire {unknown}
Wands
 c - a wand of iceblast (6/15)
Scrolls
 a - 5 scrolls of identify {unknown}
 h - a scroll of noise {unknown}
 i - a scroll of enchant weapon {unknown}
 j - a scroll of remove curse {unknown}
Comestibles
 k - 4 fruits (quivered)


   Skills:
 - Level 3.0 Fighting
 - Level 2.4 Dodging
 - Level 1.5 Stealth
 + Level 0.1 Shields
 + Level 4.9 Unarmed Combat


You had 3 spell levels left.
You didn't know any spells.

Dungeon Overview and Level Annotations

Branches:
Dungeon (5/15)
 Temple: D:4-7

Altars:
Nemelex Xobeh
Yredelemnul
The Shining One

Annotations:
D:3 Grinder; Terence; kak's ghost, amateur TrBe
D:4 exclusion: ogre


Innate Abilities, Weirdness & Mutations

You do not eat or drink.
Your flesh is vulnerable to fire.
You are immune to poison.
Your flesh is cold resistant.
You are immune to negative energy.
You are immune to unholy pain and torment.
You can survive without breathing.


Message History

The hound is moderately wounded.
The hound bites you. x2
You hit the hound but do no damage.
The hound is moderately wounded.
You block the hound's attack.
You hit the hound.
The hound is heavily wounded.
The hound bites you.
* * * LOW HITPOINT WARNING * * *
The hound bites you but does no damage.
You miss the hound.
The hound is heavily wounded.
The hound closely misses you.
Your shield prevents you from hitting the hound.
The hound is heavily wounded.
You hear the slow rusting of a very distant drain.
The hound bites you.
* * * LOW HITPOINT WARNING * * *
The hound bites you.
You die...

..........### (
............# ..
...........#
.#.##..........#
...............#
...............#
....%..........#
......h@.......#
.##............#.#
.....>......####.#
............# #.#
............####.#
.................#
.................#
.................#
................#


You could see a hound.

Vanquished Creatures
  4 adders
  An ooze (D:2)
  An adder skeleton (D:4)
  4 worms
  3 giant geckos
  An orc (D:4)
  6 bats
  6 goblins
  4 hobgoblins
  3 jackals (D:1)
  6 giant newts
  6 kobolds
  4 rats
49 creatures vanquished.

Notes
Turn   | Place    | Note
--------------------------------------------------------------
     0 | D:1      | M4edhros the Mummy Monk began the quest for the Orb.
     0 | D:1      | Reached XP level 1. HP: 18/18 MP: 1/1
   304 | D:1      | Found a sparkling altar of Nemelex Xobeh.
   306 | D:1      | Reached XP level 2. HP: 23/24 MP: 2/2
  1273 | D:2      | Reached skill level 4 in Unarmed Combat
  1366 | D:2      | HP: 1/24 [adder (1)]
  1368 | D:2      | Reached XP level 3. HP: 2/29 MP: 3/3
  2925 | D:3      | Reached XP level 4. HP: 17/35 MP: 4/4
  3049 | D:3      | Noticed kak's ghost (amateur TrBe)
  3640 | D:3      | Noticed Terence
  3681 | D:3      | Noticed Grinder
  4616 | D:4      | Noticed an ogre
  4863 | D:4      | Noticed an ogre
  5048 | D:4      | Found a glowing golden altar of the Shining One.
  5057 | D:4      | Found a basalt altar of Yredelemnul.
  5496 | D:5      | Entered Level 5 of the Dungeon
  5546 | D:5      | Slain by a hound

Vault maps used:
D:1:      minmay_arrival_four_loops, columned_hall_lemuel, nemelex_deck
D:2:      hangedman_abyss_or_decor_lesser_grid, grunt_ministairs_10,
          hangedman_abyss_or_decor_stabs
D:3:      first_bread, uniq_grinder, uniq_terence
D:4:      grunt_temple_overflow_holy_war
D:5:      wad_river_or_something, gup_sewer_entry_bowl, feat_on_display

Skill      XL: |  1  2 |
---------------+-------+-----
Unarmed Combat | 4 |  4.9
Fighting       | |  3.0
Dodging        | |  2.4
Stealth        | |  1.5
Shields        | |  0.1

Action                   |  1- 3 |  4- 6 || total
-------------------------+-------+-------++-------
Melee: Unarmed           |   149 |    77 ||   226
       Punch             |     3 |     3 ||     6
  Use: Scroll            |       |     5 ||     5
 Stab: Sleeping          |     4 |     4 ||     8
       Distracted        |     1 |       ||     1
Armor: Skin              |     3 |     4 ||     7
Dodge: Dodged            |    75 |    30 ||   105
Block: Shield            |       |     6 ||     6
